 Dungeon Crawl Stone Soup version 0.32-a0-732-ga344392067 (webtiles) character file.

Game seed: 1339479611309911258

75 Fodor the Shield-Bearer (level 4, -13/40 HPs)
             Began as a Minotaur Fighter on Mar 16, 2024.
             Engulfed by a cloud of flame (20 damage)
             ... on level 2 of the Dungeon.
             The game lasted 00:02:44 (927 turns).

Fodor the Shield-Bearer (Minotaur Fighter)           Turns: 927, Time: 00:02:45

Health: -13/40     AC:  7    Str: 23    XL:     4   Next: 11%
Magic:  3/3        EV:  8    Int:  5    God:
Gold:   79         SH:  4    Dex:  9    Spells: 3/3 levels left

rFire   . . .        a - +0 war axe
rCold   . . .        c - +0 buckler
rNeg    . . .        b - +0 scale mail
rPois   .            (helmet restricted)
rElec   .            (no cloak)
rCorr   .            (no gloves)
SInv    .            (no boots)
Will    .....        (no amulet) Stlth
                     (no ring)
HPRegen 0.26/turn    (no ring)
MPRegen 0.08/turn

%: no passive effects
@: no status effects
A: horns 2, retaliatory headbutt
a: no special abilities


You were on level 2 of the Dungeon.
You visited 1 branch of the dungeon, and saw 2 of its levels.

You collected 79 gold pieces.

Inventory:

Hand Weapons
 a - a +0 war axe (weapon)
Armour
 b - a +0 scale mail (worn)
 c - a +0 buckler (worn)
Jewellery
 h - a ring of ice
 j - a ring of wizardry
Scrolls
 f - 4 scrolls of poison {unknown}
 i - 2 scrolls of identify {unknown}
Potions
 d - a potion of might
 e - a potion of mutation {unknown}
 g - a potion of attraction {unknown}


   Skills:
 + Level 4.2 Fighting
 + Level 3.5 Axes
 + Level 4.2 Armour
 + Level 0.9 Dodging
 + Level 4.2 Shields


You had 3 spell levels left.
You didn't know any spells.
Your spell library contained the following spells:

 Spells                   Type           Power      Damage    Failure   Level
 Scorch                   Fire           0%         2d5       94%         2
 Flame Wave               Conj/Fire      0%         2d4       100%        4
 Summon Cactus Giant      Summ           0%         N/A       100%        6


Dungeon Overview and Level Annotations

Branches:
Dungeon (2/15)

Altars:

Annotations:
D:2 Robin


Innate Abilities, Weirdness & Mutations

You have a pair of horns on your head.
You reflexively headbutt those who attack you in melee.


Message History

You feel yourself slow down.
Natasha extends her claws.
Natasha barely misses you. You furiously retaliate!
You headbutt Natasha!
You see here a scroll labelled JECREYX EMUCO.
You closely miss Natasha. You headbutt Natasha.
Natasha is almost dead.
Natasha mumbles some strange words.
Natasha claws you.
You miss Natasha.
Natasha is almost dead.
Natasha casts a spell.
Natasha claws you but does no damage.
The cerulean imp hits you from afar with a +0 spear.
You hit Natasha.
You kill Natasha!
Natasha screams in fury as she dies!
The cerulean imp disappears in a puff of smoke! x2
You have reached level 4!
You feel stronger.
You see here the felid corpse of Natasha.
f - 4 scrolls labelled JECREYX EMUCO (gained 1)
You feel yourself speed up.
You open the door.
Found a blackened pearl ring and a scroll labelled LYITHO NUZYAVO.
Found three items.
There is an open door here.
A ball python comes into view.
The ball python hisses angrily.
You hear a shout! x2
You are engulfed in blazing flames.
Ouch! That really hurt!
A goblin comes into view. It is wielding a +0 club.
You are engulfed in blazing flames.
* * * LOW HITPOINT WARNING * * *
The goblin shouts!
You hear a shout! x2
A goblin comes into view. It is wielding a +0 dagger.
The goblin moves out of view.
Robin of the Strong Arm comes into view.
They are wielding a +0 whip.
You are engulfed in blazing flames.
Ouch! That really hurt!
You die...

#...# ..##.# ..
###.### ...... #.
##....# #....# #.§
#.....# #..... #.§
##....# #....# #§§.
##....###.....
###...#####'......†.#
.§...=S○§§.#....##..#
§...?..@§§......##..#
.§../?.§☼§.#....#####
###.!.######.......#
#§.§ ####†##.# #§§
#.# # #.g ... #g
###.. #g ... ....


You could see Robin (wandering), 2 goblins and a ball python.

Vanquished Creatures
  Natasha (D:2)
  3 dart slugs (D:1)
  6 bats (D:1)
  2 endoplasms (D:1)
  4 goblins (D:1)
  2 hobgoblins (D:1)
  9 jackals
  3 quokkas (D:1)
  3 ball pythons (D:1)
  A frilled lizard (D:2)
  2 kobolds (D:1)
  4 rats (D:1)
40 creatures vanquished.

Notes
Turn   | Place    | Note
-------+----------+-------------------------------------------
     0 | D:1      | Fodor the Minotaur Fighter began the quest for the Orb.
     0 | D:1      | Reached XP level 1. HP: 19/19 MP: 0/0
   106 | D:1      | Reached XP level 2. HP: 27/27 MP: 1/1
   350 | D:1      | Reached XP level 3. HP: 33/33 MP: 2/2
   357 | D:1      | Found a faded altar of an unknown god.
   897 | D:2      | Noticed Natasha
   906 | D:2      | Killed Natasha
   907 | D:2      | Reached XP level 4. HP: 36/40 MP: 3/3
   927 | D:2      | Noticed Robin
   927 | D:2      | Engulfed by a cloud of flame

Illustrated notes

Levels and vault maps discovered:
D:1:      arrival_zaba_pyramid, layout_loops_ring,
          shapermc_ecumenical_altar_mp_urbaneastern
D:2:      layout_basic, lemuel_flame_loot_1, uniq_natasha, uniq_robin

Skill      XL: |  1  2  3 |
---------------+----------+-----
Fighting       | 4 |  4.2
Shields        | 4 |  4.2
Armour         | 4 |  4.2
Axes           | 3 |  3.5
Dodging        | |  0.9

Action                     |  1- 3 |  4- 6 || total
---------------------------+-------+-------++-------
  Melee: War axe           |    84 |       ||    84
         Headbutt          |    13 |       ||    13
 Armour: Scale mail        |    89 |     3 ||    92
  Dodge: Dodged            |    53 |       ||    53
  Block: Buckler           |    24 |       ||    24

Table legend: (Time is in decaauts)
 A = Elapsed time spent in this place.
 B = Non-inter-level travel time spent in this place.
 C = Inter-level travel time spent in this place.
 D = Time resting spent in this place.
 E = Time spent auto-exploring this place.
 F = Levels seen in this place.
 G = Mean time per level.
                   A        B        C        D        E       F      G
               +--------+--------+--------+--------+--------+-----+--------+
         Total |    965 |    965 |      0 |      0 |    611 |   2 |  482.5 |
       Dungeon |    965 |    965 |      0 |      0 |    611 |   2 |  482.5 |
               +--------+--------+--------+--------+--------+-----+--------+

Top non-repeatable levels by time:
     D:1: 749 daAuts
     D:2: 216 daAuts
